 Dungeon Sprint DCSS version 0.30-a0-830-gfe289a77b0 (webtiles) character file.

Game seed: 9461705401062355950

800000 BigDaddyOpFi the Trooper (level 1, -23/18 HPs)
             Began as a Formicid Monk on Feb 28, 2023.
             Was a Believer of Makhleb.
             Annihilated by a bag of meat
             ... wielding a +9 war axe
              (41 damage)
             ... in the Dungeon (Sprint VIII: "Arena of Blood").
             The game lasted 00:00:13 (8 turns).

BigDaddyOpFi the Trooper (Formicid Monk)               Turns: 8, Time: 00:00:14

Health: -23/18     AC:  2    Str: 15    XL:     1   Next: 0%
Magic:  1/1        EV: 13    Int:  9    God:    Makhleb [**....]
Gold:   0          SH:  0    Dex: 16    Spells: 0/0 levels left

rFire   . . .      SeeInvis +    g - +∞ Axe of Woe
rCold   . . .      Faith    .    (no shield)
rNeg    . . .      Spirit   .    a - +0 robe
rPois   .          Reflect  .    (helmet unavailable)
rElec   .          Harm     .    (no cloak)
rCorr   .          Rampage  .    (no gloves)
Will    .....                    (no boots)
Stlth   ++                       (no amulet)
HPRegen 0.23/turn                (no ring)
MPRegen 0.07/turn                (no ring)

@: no status effects
A: permanent stasis, dig shafts and tunnels, antennae 3, four strong arms
a: Dig, Renounce Religion, Minor Destruction


You were in the Dungeon.
You worshipped Makhleb.
Makhleb was pleased with you.
You visited 1 branch

Inventory:

Hand Weapons
 g - the +∞ Axe of Woe (weapon)
   (You found it in the Dungeon)
Armour
 a - a +0 robe (worn)
Scrolls
 f - a scroll of blinking
Potions
 b - a potion of ambrosia
 c - a potion of curing
 d - a potion of heal wounds
 e - 2 potions of magic


   Skills:
 + Level 3.2 Fighting
 + Level 0.0 Axes
 + Level 0.0 Armour
 + Level 2.6 Dodging
 + Level 2.4 Stealth
 + Level 3.0 Unarmed Combat
 + Level 0.0 Invocations


You couldn't memorise any spells.
You didn't know any spells.
Your spell library was empty.

Dungeon Overview and Level Annotations

Branches:
Dungeon (1/1)

Altars:
Makhleb


Innate Abilities, Weirdness & Mutations

You cannot be hasted, slowed, berserked, paralysed or teleported.
You can dig through walls and to a lower floor.
You have a pair of large antennae on your head. (SInv)
Your four strong arms can wield two-handed weapons with a shield.


Message History

Found a staircase leading out of the dungeon.
g - the +∞ Axe of Woe
g - the +∞ Axe of Woe (weapon)
You hear a shout! x3
A bag of meat comes into view. It is wielding a +9 war axe.
You hear a shout! x6
The bag of meat shouts!
You hear a shout! x4
A bag of meat comes into view. It is wielding a +9 war axe. x2
There is a burning altar of Makhleb here.
You kneel at the altar of Makhleb.
Makhleb welcomes you!
You can now gain health from killing.
You can now harness Makhleb's destructive might.
The bag of meat shouts!
You hear a shout! x5
A bag of meat comes into view. It is wielding a +9 war axe.
The bag of meat shouts! x2; You hear a shout! x9
A bag of meat comes into view. It is wielding a +9 war axe.
The meat berserker appears out of thin air!
A meat berserker comes into view. It is wielding a +9 battleaxe.
The bag of meat shouts!
The meat berserker shouts!
You hear a shout! x4
A bag of meat comes into view. It is wielding a +9 war axe. x3
You hear a shout! x2
There is a staircase leading out of the dungeon here.
The meat berserker appears out of thin air!
A meat berserker comes into view. It is wielding a +9 battleaxe.
You hear a shout! x9
The meat berserker completely misses you.
Unknown command.
You hit the meat berserker but do no damage.
You dissect the meat berserker like a pig carcass.
You kill the meat berserker!
Makhleb accepts your kill.
The bag of meat appears out of thin air!
A bag of meat comes into view. It is wielding a +9 war axe.
You hear a shout! x6
A bag of meat comes into view. It is wielding a +9 war axe.
You hear a shout! x2
The bag of meat hits you with a +9 war axe!!!
Ouch! That really hurt!
You die...

.. ..... #.
...# #.. ...# .
.###.. ...###..
......###o.....
......o.....
#O....# #_.@._#
#..o..#
......_o....
..o.o.###o.....
.###.. ...###..
#.. .o.# . #.
...# .. ....o


You could see a meat berserker (berserk) and 9 bags of meat.

Vanquished Creatures
  An ogre (D)
1 creature vanquished.

Notes
Turn   | Place    | Note
-------+----------+-------------------------------------------
     0 | D        | Found the +∞ Axe of Woe
     0 | D        | BigDaddyOpFi the Formicid Monk began the quest for the Orb.
     0 | D        | Reached XP level 1. HP: 18/18 MP: 1/1
     2 | D        | Noticed a bag of meat
     3 | D        | Noticed a bag of meat
     3 | D        | Noticed a bag of meat
     4 | D        | Became a worshipper of Makhleb the Destroyer
     4 | D        | Reached * piety under Makhleb
     4 | D        | Reached ** piety under Makhleb
     4 | D        | Noticed a bag of meat
     6 | D        | Noticed a bag of meat
     6 | D        | Noticed a meat berserker
     6 | D        | Noticed a bag of meat
     6 | D        | Noticed a bag of meat
     6 | D        | Noticed a bag of meat
     8 | D        | Noticed a meat berserker
     8 | D        | Killed a meat berserker
     8 | D        | Noticed a bag of meat
     8 | D        | Annihilated by a bag of meat

Illustrated notes

Levels and vault maps discovered:
D:        meatsprint

Action                     || total
---------------------------++-------
  Melee: Executioner's axe ||     1
  Dodge: Dodged            ||     1

Table legend: (Time is in decaauts)
 A = Elapsed time spent in this place.
 B = Non-inter-level travel time spent in this place.
 C = Inter-level travel time spent in this place.
 D = Time resting spent in this place.
 E = Time spent auto-exploring this place.
 F = Levels seen in this place.
 G = Mean time per level.
                   A        B        C        D        E       F      G
               +--------+--------+--------+--------+--------+-----+--------+
         Total |      7 |      7 |      0 |      0 |      0 |   1 |    7.0 |
       Dungeon |      7 |      7 |      0 |      0 |      0 |   1 |    7.0 |
               +--------+--------+--------+--------+--------+-----+--------+

Top non-repeatable levels by time:
       D: 7 daAuts
